 Dungeon Crawl Stone Soup version 0.18.1-48-g4cf74bf (webtiles) character file.

51 Skwishie the Scratcher (level 3, -1/17 HPs)
             Began as a Felid Monk on Sept 9, 2016.
             Slain by a worm (12 damage)
             ... on level 2 of the Dungeon.
             The game lasted 00:02:35 (1199 turns).

Skwishie the Scratcher (Felid Monk)                 Turns: 1199, Time: 00:02:35

Health: -1/17      AC:  1    Str:  7    XL:     3   Next: 57%
Magic:  4/4        EV: 20    Int: 11    God:
Gold:   79         SH:  0    Dex: 19    Spells: 0 memorised, 2 levels left
                                        Lives:  0   Deaths: 0

rFire  . . .     SeeInvis +       - Unarmed
rCold  . . .     Gourm    .     (armour unavailable)
rNeg   . . .     Faith    .     (shield unavailable)
rPois  .         Spirit   .     (helmet unavailable)
rElec  .         Dismiss  .     (cloak unavailable)
rCorr  .         Reflect  .     (gloves unavailable)
SustAt .         Harm     .     (boots unavailable)
MR     .....                    (no amulet)
Stlth  +++.......               (no ring)
                                (no ring)

@: quick, not resistant to hostile enchantments, fairly stealthy
A: no armour, no weapons or thrown items, claws 1, fangs 3, see invisible,
carnivore 3, speed 1, shaggy fur 1, slow metabolism 1, sharp paws
a: no special abilities


You were on level 2 of the Dungeon.
You were completely stuffed.

You visited 1 branch of the dungeon, and saw 2 of its levels.

You collected 79 gold pieces.

Inventory:

Scrolls
 d - 3 scrolls of remove curse
 e - a scroll of fog {unknown}
 f - 2 scrolls of recharging {unknown}
 g - 2 scrolls of random uselessness {unknown}
 h - a scroll of teleportation {unknown}
 i - 2 scrolls of identify {unknown}
 k - a scroll of enchant weapon {unknown}
Potions
 b - a potion of invisibility {unknown}
 c - a potion of heal wounds {unknown}
Comestibles
 a - a meat ration
 j - 5 chunks of flesh


   Skills:
 - Level 3.0 Fighting
 - Level 4.0 Dodging
 + Level 2.9 Stealth
 * Level 5.3 Unarmed Combat


You had 2 spell levels left.
You didn't know any spells.

Dungeon Overview and Level Annotations

Branches:
Dungeon (2/15)

Altars:


Innate Abilities, Weirdness & Mutations

You cannot wear armour.
You are incapable of wielding weapons or throwing items.
You have sharp claws.
You have razor-sharp teeth.
You have supernaturally acute eyesight.
You are carnivorous and can eat meat at any time.
You cover ground quickly.
You are covered in fur (AC +1).
You have a slow metabolism.
Your sharp claws are effective at attacking unaware monsters.


Message History

The giant gecko closely misses you.
You closely miss the giant gecko.
The giant gecko is severely wounded.
The giant gecko bites you.
You scratch the giant gecko but do no damage.
The giant gecko is severely wounded.
The giant gecko closely misses you.
You scratch the giant gecko.
You kill the giant gecko!
The hobgoblin shouts!
You scratch the worm.
The worm is moderately wounded.
The worm bites you.
You scratch the worm.
The worm is moderately wounded.
You scratch the worm but do no damage.
The worm is moderately wounded.
The worm bites you!
Ouch! That really hurt!
You die...

...........##.#####.#..#
...........##.# #.#...
...........##.# #.#..#
...........##.# #.#..#
#..........##.# #.#...
#..........##.# #.#.#.
#..........##.# #.#...
##.............. #.####
#.....@.?g[.... #
#.....w......... #
#............... #
###### #...............
# .....#
##.#####........ #
)....# #. ####### #
.....# #. ########
.....# #. #.......
.....# #. ###[......


You could see a worm and a hobgoblin.

Vanquished Creatures
  An adder (D:2)
  2 oozes (D:1)
  A dart slug (D:1)
  4 giant geckos
  A ball python (D:1)
  A giant cockroach (D:2)
  5 goblins
  2 hobgoblins
  A kobold (D:1)
  4 bats
  A giant newt (D:1)
  4 rats
27 creatures vanquished.

Vanquished Creatures (others)
  4 toadstools (D:1)
4 creatures vanquished.

Grand Total: 31 creatures vanquished

Notes
Turn   | Place    | Note
--------------------------------------------------------------
     0 | D:1      | Skwishie the Felid Monk began the quest for the Orb.
     0 | D:1      | Reached XP level 1. HP: 10/10 MP: 2/2
   269 | D:1      | Reached XP level 2. HP: 7/14 MP: 3/3
   801 | D:2      | Reached skill level 5 in Unarmed Combat
   801 | D:2      | Reached XP level 3. HP: 17/17 MP: 4/4
  1199 | D:2      | Slain by a worm

Skill      XL: |  1  2 |
---------------+-------+-----
Unarmed Combat | 5 |  5.3
Fighting       | |  3.0
Dodging        | |  4.0
Stealth        | |  2.9

Action                   || total
-------------------------++-------
Melee: Unarmed           ||    58
       Bite              ||     2
  Use: Scroll            ||     1
 Stab: Sleeping          ||    12
  Eat: Chunk             ||     8
Dodge: Dodged            ||    33
